[Event "Torneo Nuevo Centro. Jornada 11"]
[Site "Chess.com"]
[Date "2020.08.28"]
[Round "7"]
[White "Blanco Solaz, Ramón"]
[Black "Roca Cruz, Rafael"]
[Result "1-0"]
[WhiteElo "1966"]
[BlackElo "1803"]
[TimeControl "180+2"]
[EndTime "11:43:37 PDT"]
[Termination "Victoria de Rbs77 por abandono"]

1. Nf3 b5 2. b3 Bb7 3. Bb2 e6 4. g3 Nf6 5. Bg2 Be7 6. O-O O-O 7. d3 d6 8. Nbd2 Nbd7 9. e4 c5 10. Qe2 Rc8 11. Rad1 a6 12. c3 Qc7 13. Rc1 Qa5 14. a3 Qb6 15. d4 cxd4 16. cxd4 Rxc1 17. Rxc1 Rc8 18. Rxc8+ Bxc8 19. Nf1 Qc7 20. Ne3 Nxe4 21. h4 Ndf6 22. Kh2 d5 23. Ne5 Bd6 24. f4 Nc3 25.
Qe1 Nce4 26. Nd3 h6 27. b4 Nh5 28. Nf1 Qc2 29. Qe3 g5 30. Bc1 gxf4 31. gxf4 Nhf6 32.
Kh1 Ng4 33. Qf3 Nef2+ 34. Nxf2 Nxf2+ 35. Kg1 Qxc1 36. Qxf2 Qxa3 37. Qg3+ Kf8 38. Qg4 Qxb4 39.
Bxd5 Qxd4+ 40. Kg2 Qxd5+ 41. Kh3 Qd3+ 42. Ng3 Bd7 43. Qh5 Qg6 44. Qd1 Bxf4 45. Nf1 e5+ 46. Qxd7 Qd3+ 47. Qxd3 Kg7 48. Qe4 1

[Event "Torneo Nuevo Centro. Jornada 11"]
[Site "Chess.com"]
[Date "2020.08.28"]
[Round "7"]
[White "Carbonell Bofill, Carlos Eloy"]
[Black "Lloret Ramis, Juan José"]
[Result "1/2-1/2"]
[WhiteElo "1911"]
[BlackElo "1976"]
[TimeControl "180+2"]
[EndTime "11:43:44 PDT"]
[Termination "Tablas por repeticiÃ³n"]

1. d4 d5 2. Nf3 e6 3. Bg5 Be7 4. h4 h6 5. Bxe7 Qxe7 6. Nbd2 Nf6 7. c3 c5 8. Qc2 Nc6 9. dxc5 Qxc5 10. e4 dxe4 11.
Nxe4 Nxe4 12. Qxe4 Bd7 13. Bd3 O-O-O 14. O-O f5 15.
Qe2 e5 16. b4 Qd6 17. b5 e4 18. bxc6 Bxc6 19. Nd4 exd3 20. Qxd3 f4 21. Rfd1 g5 22. h5 g4 23. Qf5+ Kb8 24. Nxc6+ Qxc6 25. Qxf4+ Ka8 26.
Rxd8+ Rxd8 27. Qe3 Rc8 28. Rc1 a6 29. c4 Qc5 30. Qxh6 g3 31. Qe3 gxf2+ 32. Qxf2 Qxh5 33. Rc3 Rh8 34. Rh3 Qd1+ 35. Qf1 Qd4+ 36. Qf2 Qd1+ 37. Qf1 Qd4+ 38. Qf2 Qd1+ 1/2-1

[Event "Torneo Nuevo Centro. Jornada 11"]
[Site "Chess.com"]
[Date "2020.08.28"]
[Round "7"]
[White "Aguado, Pablo Luis"]
[Black "Cayon Pelaez, Pablo"]
[Result "1/2-1/2"]
[WhiteElo "1927"]
[BlackElo "1803"]
[TimeControl "180+2"]
[EndTime "11:43:58 PDT"]
[Termination "Tablas por repeticiÃ³n"]

1. d4 d5 2. c4 c6 3. Nc3 Nf6 4. e3 e6 5. Nf3 Bd6 6. Qc2 O-O 7. b3 Nbd7 8. Bd3 h6 9. O-O Re8 10. Bb2 Qe7 11. e4 dxe4 12. Nxe4 Nxe4 13. Bxe4 Nf6 14. Bd3 b6 15. Rfe1 Bb7 16. Rad1 Qc7 17. Qe2 c5 18. dxc5 Qxc5 19. Bxf6 gxf6 20. Bb1 Rad8 21. Nd4 Qg5 22. Nf3 Qh5 23. Be4 Bxe4 24. Qxe4 Bxh2+ 25. Kf1 Bc7 26. Qc6 Rxd1 27. Qxe8+ Kg7 28. Rxd1 Bf4 29. Kg1 e5 30.
Re1 f5 31. Rxe5 Bxe5 32. Qxe5+ Kg8 33. Qe8+ Kg7 34. Qe5+ Kg8 35. Nd4 Qd1+ 36. Kh2 Qh5+ 37. Kg3 Qg4+ 38. Kh2 Qh5+ 39. Kg1 Qd1+ 40. Kh2 Qh5+ 1/2-1

[Event "Torneo Nuevo Centro. Jornada 11"]
[Site "Chess.com"]
[Date "2020.08.28"]
[Round "7"]
[White "Aymerich Rosell, Pablo"]
[Black "Gómez Alonso, Óscar"]
[Result "1-0"]
[WhiteElo "2002"]
[BlackElo "1802"]
[TimeControl "180+2"]
[EndTime "11:44:05 PDT"]
[Termination "Victoria de jasikevic por tiempo"]

1. e4 c5 2. Nf3 e6 3. d4 cxd4 4. Nxd4 a6 5. Nc3 Qc7 6. Bd3 Nf6 7. f4 b5 8. e5 Ng8 9. Qg4 Bb7 10. Be3 Nh6 11.
Qg3 Nc6 12. Ndxb5 axb5 13. Nxb5 Qa5+ 14. Bd2 Qb6 15. Nd6+ Bxd6 16. Qxg7 Bf8 17. Qxh8 Qxb2 18. Rd1 Nd4 19. O-O O-O-O 20. Qxh7 Qxa2 21. Be4 Nc6 22. Rb1 Bc5+ 23. Kh1 Ng4 24. Qh4 Qa7 25. Qxg4 Ba6 26. Ra1 Qb6 27. Rfb1 Bb5 28. Bd3 Nd4 29. c4 Qc6 30.
cxb5 Qd5 31. Be3 Rh8 32. Rc1 Kb7 33. h3 1

[Event "Torneo Nuevo Centro. Jornada 11"]
[Site "Chess.com"]
[Date "2020.08.28"]
[Round "7"]
[White "Muñoz Pantoja, Miguel"]
[Black "Macias Pino, Diego"]
[Result "1-0"]
[WhiteElo "2484"]
[BlackElo "2254"]
[TimeControl "180+2"]
[EndTime "11:44:22 PDT"]
[Termination "Victoria de Indalsa por abandono"]

1. e4 c6 2. Nc3 d5 3. Nf3 dxe4 4. Nxe4 Nf6 5. Qe2 Nxe4 6. Qxe4 Nd7 7. Bc4 Nf6 8. Ne5 e6 9. Qe2 Bd6 10. d4 O-O 11. c3 c5 12. dxc5 Bxc5 13. Bg5 Be7 14.
O-O Nd5 15. Bxe7 Nxe7 16. Rad1 Qc7 17. Bd3 Nd5 18. Be4 Nf6 19. Bc2 b6 20. Rd4 Bb7 21. Rfd1 Rfd8 22. Bb3 g6 23. Rxd8+ Rxd8 24. Rxd8+ Qxd8 25. Nxf7 Kxf7 26. Qxe6+ Kg7 27. Qf7+ Kh6 28. Qxb7 Qd2 29. g3 Qxb2 30. Qf3 Kg7 31. Kg2 h5 32. h3 a5 33. Qb7+ Kh6 34. Qxb6 Qxc3 35. Qd6 Qb2 36.
Qf4+ Kg7 37. g4 hxg4 38. hxg4 g5 39. Qxg5+ Kh7 40. Qf5+ Kg7 41. g5 1

[Event "Torneo Nuevo Centro. Jornada 11"]
[Site "Chess.com"]
[Date "2020.08.28"]
[Round "7"]
[White "Sos Andreu, Eric"]
[Black "Fenollar Jorda, Manolo"]
[Result "0-1"]
[WhiteElo "2505"]
[BlackElo "2503"]
[TimeControl "180+2"]
[EndTime "11:44:41 PDT"]
[Termination "Victoria de Cucudrulu por abandono"]

1. c4 c6 2. e4 d5 3. exd5 cxd5 4. d4 Nf6 5. Nc3 e6 6. Nf3 Nc6 7. c5 a6 8. Bd3 Be7 9. O-O O-O 10. Rb1 Qc7 11. Re1 b6 12. b4 bxc5 13. bxc5 Nxd4 14.
Nxd4 Bxc5 15. Nf3 Bd7 16. Bd2 Rfb8 17. Rc1 Qa7 18. Qe2 Rb2 19. Rf1 Rab8 20. Ne5 Be8 21.
Rb1 h6 22. h3 Bd4 23. Rxb2 Rxb2 24. Nd1 Rxa2 25. Nf3 Bc5 26. Bb1 Ra3 27. Bc1 Bb5 28. Qc2 Bd3 29. Qd2 Bxb1 30. Bxa3 Bxa3 31. Ne3 Be4 32.
Ne5 Bd6 33. N5g4 Nxg4 34. Nxg4 a5 35. Qc1 a4 36. Qc8+ Kh7 37. Kh1 a3 38. f3 Bd3 39.
Ra1 a2 40. Qc3 Bb1 41. Qb2 Qb8 42. Qc3 h5 43. Rxa2 Bxa2 44. Qc2+ Kg8 45. Qxa2 hxg4 46. hxg4 0

[Event "Torneo Nuevo Centro. Jornada 11"]
[Site "Chess.com"]
[Date "2020.08.28"]
[Round "7"]
[White "Fente Fernandez, Jose Ignacio"]
[Black "Serrano Requena, Guillem"]
[Result "0-1"]
[WhiteElo "1533"]
[BlackElo "1338"]
[TimeControl "180+2"]
[EndTime "11:44:43 PDT"]
[Termination "Victoria de Guily351 por tiempo"]

1. e4 c5 2. Nf3 g6 3. d4 cxd4 4. Nxd4 Bg7 5. Nc3 Nc6 6. Nxc6 bxc6 7. Be3 Qc7 8. Bc4 e6 9. Bc5 Ne7 10. Bd6 Qd8 11. O-O O-O 12. Qf3 Bb7 13. Rad1 Re8 14. Na4 Qa5 15. Nc5 Qb6 16. Nxb7 Qxb7 17. Qd3 Nc8 18. Ba3 Nb6 19. Bc5 Nxc4 20. Qxc4 d5 21. exd5 cxd5 22. Qd3 Rac8 23. Ba3 Qc6 24. c3 Bf8 25.
Bxf8 Rxf8 26. Qe3 Qa4 27. Qh6 Qxa2 28. Rd3 Qxb2 29. Rh3 Rfe8 30. Qxh7+ Kf8 31. Rf3 Rc7 32.
Qxg6 Qxc3 33. Qh6+ Ke7 34. Qh7 Qc2 35. Qxf7+ Kd8 36.
Qf6+ Rce7 37. Rc3 Qh7 38. Qe5 Rh8 39. Qb8+ Kd7 0

[Event "Torneo Nuevo Centro. Jornada 11"]
[Site "Chess.com"]
[Date "2020.08.28"]
[Round "7"]
[White "Gutierrez Marco, Dario"]
[Black "Casado Andreu, David"]
[Result "0-1"]
[WhiteElo "1815"]
[BlackElo "1583"]
[TimeControl "180+2"]
[EndTime "11:44:54 PDT"]
[Termination "Victoria de dave6635 por abandono"]

1. e4 e5 2. Nf3 Nc6 3. Bb5 a6 4. Ba4 Nf6 5. d3 Bc5 6. O-O b5 7. Bb3 O-O 8. Nbd2 h6 9. c3 Bb6 10. Re1 d6 11. Nf1 Ne7 12. Ng3 Ng6 13. d4 Bg4 14. Be3 Nh4 15. dxe5 Bxf3 16. gxf3 dxe5 17. Qe2 c5 18. Rad1 Qe7 19. Rd2 Rad8 20. Red1 Bc7 21. Rxd8 Rxd8 22. Rxd8+ Bxd8 23. a4 c4 24. Bd1 Qe6 25.
axb5 axb5 26. f4 exf4 27. Bxf4 Qh3 28. Qf1 Qe6 29. Qe2 g5 30. Bc1 Qh3 31. Qf1 Qe6 32.
Qe2 Bc7 33. Kh1 Qh3 34. Qf1 Qxf1+ 35. Nxf1 Nxe4 36. Be3 Bf4 37. Kg1 Bxe3 38. Nxe3 Nd2 39.
Nd5 Nhf3+ 40. Bxf3 Nxf3+ 41. Kg2 Nd2 42. Nc7 f5 43. Nxb5 Nb3 44. Nd6 Nd2 45. Nxf5 Kf7 46. Nxh6+ Kg6 47. Ng4 Kf5 48. Ne3+ Ke4 49. f3+ Kxe3 50.
h4 gxh4 51. f4 Kxf4 52. Kh3 Kg5 0

[Event "Torneo Nuevo Centro. Jornada 11"]
[Site "Chess.com"]
[Date "2020.08.28"]
[Round "7"]
[White "Ortiz Benavent, Alba"]
[Black "Conejero Martínez, Víctor"]
[Result "1-0"]
[WhiteElo "1198"]
[BlackElo "1351"]
[TimeControl "180+2"]
[EndTime "11:45:02 PDT"]
[Termination "Victoria de or20 por tiempo"]

1. d4 Nf6 2. Nf3 d5 3. Bf4 e6 4. e3 Bd6 5. Bg3 b6 6. Bd3 O-O 7. c3 Ba6 8. Qc2 Bxd3 9. Qxd3 c5 10. O-O Bxg3 11. hxg3 Nc6 12. Nbd2 Re8 13. Rfe1 c4 14. Qc2 Qd7 15. e4 e5 16. Nxe5 Nxe5 17. dxe5 Rxe5 18. exd5 Rxd5 19. Nf3 Re8 20. Nd4 Rxe1+ 21. Rxe1 g6 22. f3 Qd6 23. Qf2 Nd7 24. g4 Ne5 25. Re4 Nc6 26. Nxc6 Qxc6 27. Qe2 Ra5 28. Re8+ Kg7 29.
a3 Rb5 30. Re7 Qd6 31. Rxa7 Re5 32. Qf2 Qd1+ 33. Kh2 Qd6 34. f4 Ra5 35. Rxa5 bxa5 36. Qe2 Qxf4+ 37. Kg1 Qc1+ 38. Kf2 Qf4+ 39. Qf3 Qb8 40.
Ke2 Qxb2+ 41. Kf1 Qxa3 42. Qe2 Qb3 43. Qe5+ Kg8 44. Qe8+ Kg7 45. Qe5+ 1

[Event "Torneo Nuevo Centro. Jornada 11"]
[Site "Chess.com"]
[Date "2020.08.28"]
[Round "7"]
[White "Vidarte Morales, Arturo"]
[Black "Garcia, Jhoel"]
[Result "1/2-1/2"]
[WhiteElo "2213"]
[BlackElo "2377"]
[TimeControl "180+2"]
[EndTime "11:45:06 PDT"]
[Termination "Tablas por repeticiÃ³n"]

1. c4 Nf6 2. Nc3 g6 3. e4 Bg7 4. d4 d6 5. f3 O-O 6. Bg5 Nc6 7.
Nge2 e5 8. d5 Nd4 9. Nxd4 exd4 10. Qxd4 h6 11. Bxf6 Bxf6 12. Qd2 Bg7 13. Bd3 c5 14.
O-O a6 15. a4 Bd7 16. a5 b6 17. axb6 Qxb6 18. Na4 Bxa4 19. Rxa4 Bxb2 20. Rb1 Rfb8 21. Kf1 Qb3 22. Qc2 Qxc2 23. Bxc2 Bd4 24. Rxb8+ Rxb8 25. Ke2 Rb6 26. g3 Bc3 27. Kd3 Bb4 28. Ra2 a5 29. Ba4 Kg7 30. f4 f6 31. Bb5 Rb7 32. Bc6 Re7 33. Re2 h5 34. Bb5 g5 35.
Ba4 Kg6 36. e5 fxe5 37. fxe5 Rxe5 38. Rxe5 dxe5 39. d6 Kf6 40. d7 Ke7 41. Ke4 Bc3 42.
h3 h4 43. g4 Kd8 44. Kf5 Bd2 45. Kxe5 Bf4+ 46. Ke4 Bd6 47. Kd5 Be7 48. Kc6 Bf8 49.
Kb6 Be7 50. Kxa5 Bf6 51. Kb6 Bd4 52. Kc6 Be3 53. Kd6 Bd4 54. Ke6 Be3 55. Ke5 Bd4+ 56.
Ke4 Bf6 57. Bb5 Bd4 58. Kf5 Be3 59. Ke5 Bd4+ 60. Ke4 Bf6 61. Kf5 Be7 62. Ke6 Bf8 63. Kf7 Be7 64. Kg7 Bd6 65. Kg6 Bf4 66. Kf5 Be3 67. Ke6 Bf4 68. Kd5 Be3 69. Ke4 Bf4 70. Kf5 Be3 1/2-1

[Event "Torneo Nuevo Centro. Jornada 11"]
[Site "Chess.com"]
[Date "2020.08.28"]
[Round "7"]
[White "Donate Peris, Jose Manuel"]
[Black "Alvarez Usina, Jordi"]
[Result "1/2-1/2"]
[WhiteElo "1516"]
[BlackElo "1276"]
[TimeControl "180+2"]
[EndTime "11:45:11 PDT"]
[Termination "Partida en tablas por mutuo acuerdo"]

1. d4 d5 2. c4 c6 3. cxd5 cxd5 4. Nf3 Bf5 5. Nc3 e6 6. a3 Nf6 7. Bg5 Be7 8. e3 Nc6 9. Bd3 Ne4 10. Bxe7 Qxe7 11. O-O O-O 12. Rc1 h6 13. Bb5 Rac8 14. Ne2 Rc7 15. Ng3 Bh7 16. Nxe4 Bxe4 17. Nd2 Bg6 18.
f3 Rfc8 19. Rf2 a6 20. Ba4 Na7 21. Rxc7 Qxc7 22. e4 Qc1 23. Rf1 Qxd1 24. Rxd1 dxe4 25. Nxe4 Rd8 26. Nc5 Nc6 27. Nxb7 Rxd4 28. Rxd4 Nxd4 29. Nc5 a5 30. Nb7 Bd3 31. Nxa5 Kf8 32. Nc6 Nxc6 33. Bxc6 Bc4 34. Kf2 Ke7 35. Ke3 e5 36. Be4 Kd6 37.
Bc2 Bd5 38. b4 Kc6 39. a4 Kb6 40. Be4 Bb3 41. a5+ Kb5 42. a6 Kxa6 43. Bc6 Kb6 44. b5 f6 45. f4 exf4+ 46. Kxf4 Be6 47. g4 Kc5 48. h4 g5+ 49. hxg5 hxg5+ 50. Kg3 Kb6 51.
Be8 Kc5 52. Kf3 Kb6 53. Bc6 Kc5 1/2-1

[Event "Torneo Nuevo Centro. Jornada 11"]
[Site "Chess.com"]
[Date "2020.08.28"]
[Round "7"]
[White "Gimenez Saiz, Jose Raul"]
[Black "Conon, Catalin"]
[Result "1/2-1/2"]
[WhiteElo "1831"]
[BlackElo "1918"]
[TimeControl "180+2"]
[EndTime "11:45:16 PDT"]
[Termination "Tablas por rey ahogado"]

1. d4 Nf6 2. e3 g6 3. Bd3 Bg7 4. f4 O-O 5. Nf3 d6 6. O-O Nbd7 7. c4 Re8 8. e4 e5 9. fxe5 dxe5 10. d5 Nc5 11.
Nc3 c6 12. Be3 Nxd3 13. Qxd3 cxd5 14. cxd5 Ng4 15. Bg5 Qb6+ 16. Kh1 Nf2+ 17. Rxf2 Qxf2 18. Be3 Qxb2 19. Rb1 Qa3 20. Qd2 Bg4 21. Rxb7 Bxf3 22.
gxf3 Rac8 23. Ne2 a5 24. Rb3 Qd6 25. a4 Rc4 26. Kg2 Rxa4 27. Rb6 Qa3 28. Kh3 Qa2 29. Rb2 Qc4 30. Rc2 Qb4 31. Nc3 Rc8 32. Nxa4 Rxc2 33. Qxc2 h5 34. Nb6 Qe1 35. Qf2 Qb4 36. Bc5 Qb5 37. d6 Qe8 38. d7 Qd8 39. Qd2 g5 40.
Qxa5 g4+ 41. fxg4 hxg4+ 42. Kxg4 Bh6 43. Qa8 Bg5 44. Qxd8+ Bxd8 45. Kf5 f6 46. Nd5 Kf7 47. h4 Ba5 48. h5 Bd8 49. h6 Kg8 50. Nxf6+ Kh8 51.
Kg6 Be7 52. h7 Bf8 53. d8=Q 1/2-1

[Event "Torneo Nuevo Centro. Jornada 11"]
[Site "Chess.com"]
[Date "2020.08.28"]
[Round "7"]
[White "Escalona Moncholi, Felix"]
[Black "Donate Moreno, Silvia"]
[Result "0-1"]
[WhiteElo "2098"]
[BlackElo "1879"]
[TimeControl "180+2"]
[EndTime "11:45:17 PDT"]
[Termination "Victoria de monetesSAL por abandono"]

1. e4 c5 2. Nf3 d6 3. d4 cxd4 4.
Qxd4 Nc6 5. Bb5 Bg4 6. c4 Bxf3 7. gxf3 Nf6 8. Nc3 a6 9. Bxc6+ bxc6 10. Bg5 Nd7 11. f4 h6 12. Bh4 e5 13. fxe5 Qxh4 14. exd6 Qh5 15. Rd1 Rb8 16. b3 Qc5 17. Qd2 g6 18. f4 Bg7 19. e5 O-O 20. Ne4 Qb6 21.
Kf1 Rfe8 22. Kg2 c5 23. Rhe1 Qc6 24. Kg3 Nf8 25. Nc3 Ne6 26. Nd5 Nd4 27. Kf2 Qd7 28.
Re3 Qg4 29. Rg3 Qh4 30. Kg2 h5 31. Rf1 Qd8 32. Ne7+ Rxe7 33. dxe7 Qxe7 34. Qe3 Nf5 35. Qe4 Nxg3 36. hxg3 Rd8 37. Rf2 Rd4 38. Qe3 Qb7+ 39.
Kh2 Qe4 40. Qc1 Qd3 41. Qg1 Qd1 42. Qg2 Kh7 43. Re2 Qd3 44. Kh3 Bh6 45. Qf2 Qf5+ 46.
Kh2 Qg4 47. Rd2 Qd7 48. Re2 h4 49. gxh4 Bxf4+ 50. Kg1 Qg4+ 51. Kf1 Rd1+ 52. Re1 Rxe1+ 53. Qxe1 Qf3+ 54. Kg1 Be3+ 55. Kh2 Qf2+ 56. Qxf2 Bxf2 57. e6 fxe6 0

[Event "Torneo Nuevo Centro. Jornada 11"]
[Site "Chess.com"]
[Date "2020.08.28"]
[Round "7"]
[White "Yuste Valenzuela, Alejandro"]
[Black "Gil López, Alejandro"]
[Result "0-1"]
[WhiteElo "1882"]
[BlackElo "2202"]
[TimeControl "180+2"]
[EndTime "11:45:33 PDT"]
[Termination "Victoria de AglVal0313 por abandono"]

1. e4 c5 2. Nf3 g6 3. d4 cxd4 4. Nxd4 Bg7 5. Nc3 Nc6 6. Be3 Nf6 7.
Bc4 O-O 8. Bb3 a5 9. f3 d6 10. Qd2 d5 11. exd5 a4 12. dxc6 axb3 13. Nxb3 bxc6 14.
Qxd8 Rxd8 15. O-O Bf5 16. Nd4 Nd5 17. Nxd5 cxd5 18. Nxf5 gxf5 19. c3 Rab8 20. Rab1 Ra8 21. Ra1 Rdb8 22. Rfb1 e5 23. Kf2 d4 24. cxd4 exd4 25.
Bf4 Rb5 26. a4 Rb4 27. a5 d3 28. Bd2 Rb5 29. Ra2 Bd4+ 30. Be3 Be5 31. f4 Bd6 32. g3 Rbxa5 33. Rxa5 Rxa5 34. Bd4 Kf8 35. Ke3 Ke7 36. Kxd3 Kd7 37. b4 Ra2 38. b5 Rxh2 39. b6 Rg2 40. b7 Rxg3+ 41. Kc4 Bxf4 42. b8=Q Bxb8 43. Rxb8 h6 44.
Rh8 Rh3 45. Kd5 Ke7 46. Ke5 Rh4 47. Bc5+ Kd7 48. Rh7 Ke8 49. Be3 Re4+ 50. Kxf5 Rxe3 51. Rxh6 Rf3+ 52. Ke4 Ra3 53. Kf5 Ke7 54. Rh7 Ra5+ 55. Kf4 Ke6 56. Rh6+ f6 57. Kf3 Ra4 58. Rh8 Kf5 59. Rb8 Ra3+ 60. Kf2 Kf4 61. Rb4+ Kg5 62. Rb5+ f5 63. Rb4 Kf6 64. Rb6+ Ke5 65. Rb5+ Kf4 66. Rb4+ Kg5 67. Rc4 f4 68. Rb4 Kg4 69. Rc4 Ra2+ 70. Kf1 Kg3 71. Rc3+ f3 72. Rc1 Rh2 73. Kg1 f2+ 0

[Event "Torneo Nuevo Centro. Jornada 11"]
[Site "Chess.com"]
[Date "2020.08.28"]
[Round "7"]
[White "Gutierrez Lacambra, Jose Antonio"]
[Black "Ursariu, Nikolas Victor"]
[Result "1-0"]
[WhiteElo "1370"]
[BlackElo "1151"]
[TimeControl "180+2"]
[EndTime "11:46:41 PDT"]
[Termination "Victoria de sygm2012 por jaque mate"]

1. d4 d5 2. Nf3 Nc6 3. Bf4 Bf5 4.
c3 Nf6 5. h3 e6 6. e3 Bd6 7.
Ne5 Bxe5 8. dxe5 Nd7 9. Bb5 a6 10. Bxc6 bxc6 11. Bh2 O-O 12. f4 Rb8 13. b3 Qh4+ 14.
Kd2 Qf2+ 15. Qe2 Qxe2+ 16. Kxe2 f6 17. g4 Bg6 18. exf6 Rxf6 19. Nd2 Rbf8 20. Rhf1 Nc5 21. Nf3 Bd3+ 22. Kd1 Bxf1 23. Ne5 Bxh3 24. b4 Bxg4+ 25. Nxg4 Rg6 26. Ne5 Rg2 27. Nf3 Rf2 28. bxc5 Rf1+ 29.
Ne1 Rf2 30. Bg1 Rf1 31. Bh2 Rf6 32. Bg3 Rg6 33. Ke2 Rg1 34. Bf2 Rh1 35. Rd1 Rh2 36. Nd3 Kf7 37. Ne5+ Kf6 38. Nxg6 Kxg6 39. Rg1+ Kf6 40.
Kf1 h5 41. Rg2 Rxg2 42. Kxg2 Kf5 43. Kf3 g5 44. fxg5 Kxg5 45. Kg3 e5 46. Kh3 a5 47. Bg3 e4 48. Bxc7 a4 49. Be5 h4 50. Bd6 Kh5 51.
Be7 a3 52. Bxh4 Kg6 53. Bd8 Kf5 54. Kg3 Ke6 55. Ba5 Kd7 56. Kf4 Kc8 57. Ke5 Kb7 58. Kd6 Ka6 59. Bb4 Kb5 60. Bxa3 Ka4 61. Bb4 Kb5 62. a3 Kc4 63. Kxc6 Kd3 64. Kxd5 Kxe3 65. c6 Kd3 66. c7 e3 67. c4 e2 68. c8=Q e1=Q 69.
Bxe1 Ke2 70. c5 Kxe1 71. c6 Kd2 72. a4 Kc3 73. a5 Kb4 74. a6 Ka5 75. c7 Kb4 76.
Qd7 Kc3 77. Qb5 Kd2 78. Qc4 Kd1 79. Qc3 Ke2 80. Ke4 Kf2 81. Qd3 Kg2 82. Kf4 Kh2 83. Kg4 Kg1 84. Qd2 Kf1 85. Kf3 Kg1 86. Qg2# 1

[Event "Torneo Nuevo Centro. Jornada 11"]
[Site "Chess.com"]
[Date "2020.08.28"]
[Round "7"]
[White "Bercaru, Vlad Ionut"]
[Black "Tormos Beltran, Maite"]
[Result "0-1"]
[WhiteElo "1719"]
[BlackElo "1486"]
[TimeControl "180+2"]
[EndTime "11:47:08 PDT"]
[Termination "Victoria de TORBEL79 por jaque mate"]

1. c4 e5 2. Nc3 Nf6 3. Nf3 g6 4. Nxe5 Qe7 5. Nf3 Bg7 6. e3 O-O 7. Be2 Nc6 8. d4 d6 9. a3 Bf5 10. Bd3 Ne4 11. Nxe4 Bxe4 12. Bxe4 Qxe4 13. O-O Rfe8 14.
Bd2 Ne7 15. Qb1 Qe6 16. Qc2 Rac8 17. b3 d5 18. cxd5 Nxd5 19. Rac1 Qd6 20. Qc5 Qxc5 21. dxc5 Bb2 22. Rcd1 Bxa3 23. Bc1 Bxc1 24. Rxc1 Nb4 25. Rc4 Nc6 26. Nd4 Ne5 27. Rc3 b6 28. Ra1 a5 29. Nf3 Nxf3+ 30. gxf3 h5 31. Rac1 Rb8 32.
cxb6 cxb6 33. Rc6 b5 34. R6c5 a4 35. bxa4 bxa4 36. Ra5 Ra8 37. Rxa8 Rxa8 38. Rc2 a3 39. Ra2 Kg7 40. Kf1 Kf6 41. Ke1 Kf5 42. Kd2 Kg5 43. f4+ Kg4 44. Kc3 Kf3 45. Kd4 Kg2 46. Ke5 h4 47.
Kf6 Ra7 48. Kg5 h3 49. Kg4 Kxh2 50. f3+ Kg1 51. Kxh3 Kf1 52. Kg4 Ke1 53. f5 gxf5+ 54. Kxf5 Kd1 55. f4 Kc1 56. e4 Kb1 57. Rh2 a2 58. Rh1+ Kb2 59. Rh2+ Kc3 60. Rh1 a1=Q 61. Rxa1 Rxa1 62. Kf6 Kd4 63. e5 Rf1 64. f5 Ke4 65. Kxf7 Rxf5+ 66. Kg6 Rxe5 67. Kf6 Rb5 68. Ke6 Rb6+ 69.
Kd7 Kd5 70. Kc7 Rh6 71. Kb7 Kc5 72. Kc7 Rh7+ 73. Kd8 Kd6 74. Ke8 Ke6 75. Kf8 Rd7 76. Kg8 Kf6 77. Kh8 Kg6 78. Kg8 Rd8# 0

[Event "Torneo Nuevo Centro. Jornada 11"]
[Site "Chess.com"]
[Date "2020.08.28"]
[Round "8"]
[White "Conon, Catalin"]
[Black "Perez Garcia, Jose Miguel"]
[Result "0-1"]
[WhiteElo "1913"]
[BlackElo "2040"]
[TimeControl "180+2"]
[EndTime "11:50:14 PDT"]
[Termination "Victoria de PEREZOV69 por abandono"]

1. e4 c5 2. Nc3 e6 3. g3 a6 4. Bg2 b5 5. Nh3 Bb7 6. O-O Qc7 7. d3 d6 8. f4 Be7 9. Be3 Nf6 10. Bf2 Nc6 11.
Ne2 O-O 12. c3 Rfd8 13. Ng5 h6 14. Nf3 Ng4 15. h3 Nxf2 16. Rxf2 Rac8 17. Rc1 Bf6 18. d4 Qb6 19. e5 dxe5 20. fxe5 Nxe5 21. Nxe5 Bxe5 22. Qf1 Bxg2 23. Kxg2 cxd4 24. cxd4 Rxc1 25. Qxc1 Bxd4 26. Qf4 Bxf2 0

[Event "Torneo Nuevo Centro. Jornada 11"]
[Site "Chess.com"]
[Date "2020.08.28"]
[Round "8"]
[White "Escalona Moncholi, Felix"]
[Black "Aguado, Pablo Luis"]
[Result "1-0"]
[WhiteElo "2102"]
[BlackElo "1922"]
[TimeControl "180+2"]
[EndTime "11:50:19 PDT"]
[Termination "Victoria de SchachSpielerESP por abandono"]

1. e4 e5 2. Nf3 Nf6 3. Nxe5 d6 4. Nf3 Nxe4 5. Nc3 Nxc3 6. dxc3 Be7 7. Be3 O-O 8. Qd2 Nd7 9. O-O-O Nf6 10. Bd3 c5 11. Kb1 b5 12. Bxb5 Rb8 13. Bc4 Ne4 14. Qe1 Bf6 15.
Ka1 Rxb2 16. Kxb2 Qb6+ 17. Bb3 c4 18. Bxb6 1

[Event "Torneo Nuevo Centro. Jornada 11"]
[Site "Chess.com"]
[Date "2020.08.28"]
[Round "8"]
[White "Gutierrez Marco, Dario"]
[Black "Marques Montolio, Luis"]
[Result "1-0"]
[WhiteElo "1817"]
[BlackElo "1482"]
[TimeControl "180+2"]
[EndTime "11:51:16 PDT"]
[Termination "Victoria de rususs por abandono"]

1. e4 d5 2. e5 Bf5 3. d4 e6 4.
Nf3 a6 5. a3 c5 6. c3 Nc6 7. b4 cxb4 8. cxb4 Rc8 9. Bd3 Bg4 10.
Be3 Nge7 11. O-O Nf5 12. Bxf5 Bxf5 13. Nbd2 Be7 14. Nb3 b6 15. Rc1 O-O 16. Qe2 b5 17. Nc5 Bxc5 18. Rxc5 Qd7 19. Rfc1 Rc7 20. Nh4 Be4 21.
f3 Bg6 22. Nxg6 hxg6 23. Qc2 Rfc8 24. Kf1 f6 25. exf6 gxf6 26. Qxg6+ Kf8 27. Qxf6+ Kg8 28.
Qg6+ Kh8 29. Bf4 Rb7 30. Be5+ Nxe5 31. Rxc8+ 1

[Event "Torneo Nuevo Centro. Jornada 11"]
[Site "Chess.com"]
[Date "2020.08.28"]
[Round "8"]
[White "Fernández Martin, Carlos"]
[Black "Carbonell Bofill, Carlos Eloy"]
[Result "0-1"]
[WhiteElo "1771"]
[BlackElo "1916"]
[TimeControl "180+2"]
[EndTime "11:51:56 PDT"]
[Termination "Victoria de MFCARLOS por abandono"]

1. e4 e6 2. Qe2 c5 3. Nf3 Nc6 4. Nc3 Be7 5. g3 d5 6. exd5 exd5 7. Bg2 Nf6 8. O-O O-O 9. d3 Bg4 10. h3 Nd4 11. Qd1 Nxf3+ 12. Bxf3 Bxh3 13. Re1 Re8 14. Bf4 Qd7 15. Kh2 Ng4+ 16. Bxg4 Bxg4 17. Qd2 Qf5 18. Re5 Qg6 19. Nxd5 Bf6 20. Nxf6+ gxf6 21. Rxe8+ Rxe8 22. Kg2 Qh5 23. Rg1 Bf3+ 24. Kf1 Qh3+ 0

[Event "Torneo Nuevo Centro. Jornada 11"]
[Site "Chess.com"]
[Date "2020.08.28"]
[Round "8"]
[White "Fernández Martín, Berta"]
[Black "Ainsa Jimenez, Lucas"]
[Result "0-1"]
[WhiteElo "563"]
[BlackElo "1138"]
[TimeControl "180+2"]
[EndTime "11:52:52 PDT"]
[Termination "Victoria de ainsaluck por abandono"]

1. e4 e5 2. Nf3 Nc6 3. d4 d6 4. d5 Nce7 5. c4 Ng6 6. g3 c5 7. Nc3 Be7 8. Bg2 Nf6 9. O-O O-O 10.
a3 Bg4 11. Be3 Qd7 12. Rb1 b6 13. Nb5 Nxe4 14. Qd3 Nf6 15. b4 e4 16. Nd2 0

[Event "Torneo Nuevo Centro. Jornada 11"]
[Site "Chess.com"]
[Date "2020.08.28"]
[Round "8"]
[White "Martínez Escandell, Alfonso"]
[Black "Tormos Beltran, Maite"]
[Result "1-0"]
[WhiteElo "1906"]
[BlackElo "1485"]
[TimeControl "180+2"]
[EndTime "11:53:24 PDT"]
[Termination "Victoria de Alfonso10 por abandono"]

1. e4 d5 2. exd5 Qxd5 3. Nc3 Qd6 4. d4 Nf6 5. Be2 c6 6. Nf3 Bf5 7. O-O e6 8. Nh4 Bg6 9. g3 Be7 10. a3 Qd8 11. f4 Nd5 12. Nxd5 Qxd5 13. f5 Bxh4 14.
fxg6 hxg6 15. gxh4 Rxh4 16. Bf4 Nd7 17. Qd2 Rd8 18. Bf3 Qf5 19. Bg3 Rh8 20. Bxc6 Rxh2 21. Qxh2 bxc6 22. Rxf5 1

[Event "Torneo Nuevo Centro. Jornada 11"]
[Site "Chess.com"]
[Date "2020.08.28"]
[Round "8"]
[White "Conejero Martínez, Víctor"]
[Black "del Campo Hernández, Ángel "]
[Result "1-0"]
[WhiteElo "1356"]
[BlackElo "1139"]
[TimeControl "180+2"]
[EndTime "11:53:30 PDT"]
[Termination "Victoria de Camelocota20 por abandono"]

1. d4 e6 2. c4 d5 3. Nc3 Nf6 4. Nf3 Be7 5. Bf4 c6 6. e3 Bd6 7. Bxd6 Qxd6 8. c5 Qd8 9. Bd3 Nbd7 10. O-O b6 11. b4 bxc5 12. bxc5 O-O 13. Qa4 Rb8 14.
Qxc6 Bb7 15. Qa4 Ne4 16. c6 Nxc3 17. Qxa7 Bxc6 18. Rac1 Nb5 19. Qa4 Qb6 20. Rb1 Nxd4 21. Rxb6 Bxa4 22. Rxb8 Rxb8 23. Nxd4 Rd8 24. Bb5 Bxb5 25.
Nxb5 Ra8 26. Ra1 h6 27. Kf1 Nc5 28. Ke2 Ra5 29. Nc3 Nb3 30. Rb1 Rxa2+ 31. Nxa2 1